 Seeded DCSS version 0.28.0-53-g5a82cb258f (webtiles) character file.

Game seed: 8123776248643956843 (custom seed)

63 Kranky the Prestidigitator (level 4, -2/32 HPs)
             Began as a Gnoll Wanderer on June 24, 2022.
             Slain by a gnoll shaman
             ... wielding a +0 whip
              (6 damage)
             ... on level 2 of the Dungeon.
             The game lasted 00:04:39 (2954 turns).

Kranky the Prestidigitator (Gnoll Wanderer)         Turns: 2954, Time: 00:04:39

Health: -2/32      AC:  6    Str: 13    XL:     4   Next: 9%
Magic:  5/5        EV:  9    Int: 13    God:
Gold:   140        SH:  0    Dex: 10    Spells: 5/5 levels left

rFire   . . .      SeeInvis .   j - +0 short sword (drain)
rCold   . . .      Faith    .   (no shield)
rNeg    . . .      Spirit   .   i - +0 scale mail
rPois   .          Reflect  .   (no helmet)
rElec   .          Harm     .   (no cloak)
rCorr   .          Rampage  .   (no gloves)
Will    .....                   (no boots)
Stlth   +.........              (no amulet)
HPRegen 0.10/turn               (no ring)
MPRegen 0.09/turn               (no ring)

@: no status effects
A: fangs 1, strong nose, distributed training
a: no special abilities


You were on level 2 of the Dungeon.
You visited 1 branch of the dungeon, and saw 3 of its levels.

You collected 140 gold pieces.

Inventory:

Hand Weapons
 a - a +0 club
 j - a +0 short sword of draining (weapon)
Missiles
 g - 35 stones
Armour
 d - a +0 robe
 f - a +0 ring mail
 i - a +0 scale mail (worn)
Scrolls
 c - 2 scrolls of teleportation
 n - a scroll of identify {unknown}
 o - a scroll of fog {unknown}
 p - a scroll of amnesia {unknown}
 q - a scroll of holy word {unknown}
Potions
 b - a potion of lignification
 h - 2 potions of magic {unknown}
 k - 2 potions of heal wounds {unknown}
 l - a potion of cancellation {unknown}
Miscellaneous
 e - a box of beasts (quivered)


   Skills:
 + Level 1.0 Fighting
 + Level 1.0 Short Blades
 + Level 1.0 Long Blades
 + Level 1.0 Axes
 + Level 1.0 Maces & Flails
 + Level 1.0 Polearms
 + Level 1.0 Staves
 + Level 1.0 Slings
 + Level 1.0 Bows
 + Level 1.0 Crossbows
 + Level 1.0 Throwing
 + Level 2.7 Armour
 + Level 2.7 Dodging
 + Level 4.2 Stealth
 + Level 1.0 Shields
 + Level 4.6 Unarmed Combat
 + Level 1.0 Spellcasting
 + Level 0.8 Conjurations
 + Level 0.8 Hexes
 + Level 0.8 Summonings
 + Level 0.8 Necromancy
 + Level 0.8 Translocations
 + Level 0.8 Transmutations
 + Level 0.8 Fire Magic
 + Level 0.8 Ice Magic
 + Level 0.8 Air Magic
 + Level 0.8 Earth Magic
 + Level 0.8 Poison Magic
 + Level 1.1 Invocations
 + Level 8.5 Evocations


You had 5 spell levels left.
You didn't know any spells.
Your spell library was empty.

Dungeon Overview and Level Annotations

Branches:
Dungeon (3/15)

Altars:


Innate Abilities, Weirdness & Mutations

You have very sharp teeth.
Your uncanny sense of smell can sniff out nearby items.
Your experience applies equally to all skills.


Message History

* * * LOW HITPOINT WARNING * * *
The gnoll shaman calls down the wrath of its god upon you.
You resist with some effort.
The gnoll shaman invokes the aid of its god against you.
You resist with some effort.
Throw: 3 darts (poison)
Press: ? - help, Shift-Dir - straight line, f - gnoll shaman
Aim: a gnoll shaman, wielding a +0 whip and wearing a +0 leather armour (lightly wounded, 58% to hit)
You throw a poisoned dart.
The poisoned dart hits the gnoll shaman.
The gnoll shaman is poisoned.
The gnoll shaman is lightly wounded.
The gnoll shaman invokes the aid of its god against you.
You resist with some effort.
Throw: 2 darts (poison)
Press: ? - help, Shift-Dir - straight line, f/p - gnoll shaman
Aim: a gnoll shaman, wielding a +0 whip and wearing a +0 leather armour (poisoned, 58% to hit)
You throw a poisoned dart.
The poisoned dart closely misses the gnoll shaman.
The gnoll shaman looks more healthy.
Throw: dart (poison)
Press: ? - help, Shift-Dir - straight line, f/p - gnoll shaman
Aim: a gnoll shaman, wielding a +0 whip and wearing a +0 leather armour (lightly wounded, 58% to hit)
You throw a poisoned dart.
The poisoned dart hits the gnoll shaman.
The gnoll shaman is poisoned.
The gnoll shaman is lightly wounded.
You closely miss the gnoll shaman.
The gnoll shaman is lightly wounded.
You hit the gnoll shaman but do no damage.
The gnoll shaman is lightly wounded.
The gnoll shaman hits you with a +0 whip.
* * * LOW HITPOINT WARNING * * *
You hit the gnoll shaman. You drain the gnoll shaman.
The gnoll shaman is heavily wounded.
The gnoll shaman barely misses you.
You barely miss the gnoll shaman.
The gnoll shaman is heavily wounded.
The gnoll shaman hits you with a +0 whip.
You die...

#.### #####..##..##
##.###.# #.#
#..........# #.....#
#.# #.##.......##
##.##### #.#
#.##.#####..###.##
#.#####.##..........[.#
#..........#####.####.#
#.#####.##.......## #.#
### #.#
#.##.#####..###.####..
#.#
#.#..@g(....(.(......#
#.#
##.#..#####..###.######
#.####............# #.#
#......^...#####..# #g#
######...#.......## #.#
##.###....### #.#
#.###...#######.#
#...............#
#####..########## ####


You could see a gnoll shaman (poisoned, drained).

Vanquished Creatures
  An adder (D:2)
  A dart slug (D:3)
  2 bats
  5 endoplasms
  4 giant cockroaches
  5 goblins
  5 hobgoblins
  9 jackals
  A quokka (D:3)
  A frilled lizard (D:1)
  5 kobolds
  4 rats
43 creatures vanquished.

Vanquished Creatures (collateral kills)
  A ball python (D:1)
  A kobold (D:1)
2 creatures vanquished.

Grand Total: 45 creatures vanquished

Notes
Turn   | Place    | Note
-------+----------+-------------------------------------------
     0 | D:1      | Kranky the Gnoll Wanderer began the quest for the Orb.
     0 | D:1      | Kranky set off with the following items: a +0 club, a
                  | potion of lignification, a scroll of teleportation, a +0
                  | robe, a box of beasts
     0 | D:1      | Reached XP level 1. HP: 13/13 MP: 1/1
   462 | D:1      | Found a faded altar of an unknown god.
   555 | D:1      | Reached XP level 2. HP: 19/19 MP: 2/2
  1472 | D:2      | Reached XP level 3. HP: 23/25 MP: 3/3
  1670 | D:2      | Reached skill level 1 in Invocations
  2208 | D:3      | Reached skill level 1 in Fighting
  2208 | D:3      | Reached skill level 1 in Short Blades
  2208 | D:3      | Reached skill level 1 in Long Blades
  2208 | D:3      | Reached skill level 1 in Axes
  2208 | D:3      | Reached skill level 1 in Maces & Flails
  2208 | D:3      | Reached skill level 1 in Polearms
  2208 | D:3      | Reached skill level 1 in Staves
  2208 | D:3      | Reached skill level 1 in Slings
  2208 | D:3      | Reached skill level 1 in Bows
  2208 | D:3      | Reached skill level 1 in Crossbows
  2208 | D:3      | Reached skill level 1 in Throwing
  2208 | D:3      | Reached skill level 1 in Shields
  2208 | D:3      | Reached skill level 1 in Spellcasting
  2413 | D:3      | Reached XP level 4. HP: 29/32 MP: 5/5
  2954 | D:2      | Slain by a gnoll shaman

Illustrated notes

Levels and vault maps discovered:
D:1:      tarquinn_simple_flora_water_c, layout_rooms, basic_ecumenical_altar
D:2:      layout_loops_ring, minmay_misc_feat_rows
D:3:      layout_basic

Skill      XL: |  1  2  3 |
---------------+----------+-----
Invocations    | 1 |  1.1
Fighting       | 1 |  1.0
Short Blades   | 1 |  1.0
Long Blades    | 1 |  1.0
Axes           | 1 |  1.0
Maces & Flails | 1 |  1.0
Polearms       | 1 |  1.0
Staves         | 1 |  1.0
Slings         | 1 |  1.0
Bows           | 1 |  1.0
Crossbows      | 1 |  1.0
Throwing       | 1 |  1.0
Shields        | 1 |  1.0
Spellcasting   | 1 |  1.0
Armour         | |  2.7
Dodging        | |  2.7
Stealth        | |  4.2
Unarmed Combat | |  4.6
Conjurations   | |  0.8
Hexes          | |  0.8
Summonings     | |  0.8
Necromancy     | |  0.8
Translocations | |  0.8
Transmutations | |  0.8
Fire Magic     | |  0.8
Ice Magic      | |  0.8
Air Magic      | |  0.8
Earth Magic    | |  0.8
Poison Magic   | |  0.8
Evocations     | |  8.5

Action                   |  1- 3 |  4- 6 || total
-------------------------+-------+-------++-------
Melee: Club              |    20 |       ||    20
       Bite              |    12 |       ||    12
       Short sword       |    95 |    16 ||   111
       Punch             |     1 |     1 ||     2
Throw: Stone             |     5 |       ||     5
       Dart              |       |     3 ||     3
Evoke: Box of beasts     |     1 |       ||     1
 Stab: Sleeping          |     1 |       ||     1
Armor: Ring mail         |     6 |       ||     6
       Scale mail        |    42 |     3 ||    45
Dodge: Dodged            |    67 |     2 ||    69
